 Dungeon Crawl Stone Soup version 0.27.0-66-gdc8fb28755 (webtiles) character file.

Game seed: 13610553090952263421

21 Malachi the Sneak (level 2, 0/17 HPs)
             Began as a Vampire Enchanter on Aug 20, 2021.
             Was a Follower of Hepliaklqana.
             Succumbed to an adder's poison
             ... on level 2 of the Dungeon.
             The game lasted 00:02:14 (941 turns).

Malachi the Sneak (Vampire Enchanter)                Turns: 941, Time: 00:02:15

Health: 0/17       AC:  5    Str:  7    XL:     2   Next: 62%
Magic:  4/5        EV: 12    Int: 17    God:    Hepliaklqana [*.....]
Gold:   18         SH:  0    Dex: 14    Spells: 4/5 levels left

rFire    . . .     SeeInvis +   a - +1 dagger
rCold    . . .     Faith    .   (no shield)
rNeg     . . .     Spirit   .   b - +0 robe
rPois    .         Reflect  .   (no helmet)
rElec    .         Harm     .   (no cloak)
rCorr    .         Rampage  .   j - +2 pair of gloves
Will     .....                  (no boots)
Stlth    +++.......             (no amulet)
HPRegen  0.25/turn              (no ring)
MPRegen  0.09/turn              (no ring)

@: lethally poisoned (0 -> -4), healing quickly
A: alive, reduced essence, fangs 3, see invisible, vampiric 1
a: Exsanguinate, Renounce Religion, Recall Ancestor, Ancestor Identity


You were on level 2 of the Dungeon.
You worshipped Hepliaklqana.
Hepliaklqana was aware of your devotion.
You visited 1 branch of the dungeon, and saw 2 of its levels.

You collected 18 gold pieces.

Inventory:

Hand Weapons
 a - a +1 dagger (weapon)
Armour
 b - a +0 robe (worn)
 j - a +2 pair of gloves (worn)
Magical Staves
 f - a staff of cold
Scrolls
 d - a scroll of identify {unknown}
 h - a scroll of torment {unknown}
 k - a scroll of teleportation {unknown}
 l - a scroll of enchant armour {unknown}
 n - a scroll of noise {unknown}
Potions
 c - a potion of lignification {unknown}
 e - a potion of curing {unknown}
 g - a potion of ambrosia {unknown}
 i - a potion of might {unknown}
 m - a potion of mutation {unknown}


   Skills:
 - Level 1.1 Short Blades
 - Level 2.1 Dodging
 * Level 6.1 Stealth
 - Level 2.0 Spellcasting
 - Level 4.4 Hexes


You had 4 spell levels left.
You knew the following spells:

 Your Spells              Type           Power      Damage    Failure   Level
a - Corona                Hex            17%        N/A       3%          1

Your spell library contained the following spells:

 Spells                   Type           Power      Damage    Failure   Level
 Confusing Touch          Hex            16%        N/A       10%         3
 Tukima's Dance           Hex            16%        N/A       10%         3
 Ensorcelled Hibernation  Hex/Ice        18%        N/A       12%         2
 Summon Small Mammal      Summ           4%         N/A       19%         1
 Dazzling Flash           Conj/Hex       18%        N/A       24%         3
 Portal Projectile        Hex/Tloc       18%        N/A       24%         3
 Summon Guardian Golem    Hex/Summ       9%         N/A       24%         3
 Call Canine Familiar     Summ           1%         N/A       50%         3
 Spider Form              Tmut/Pois      0%         N/A       50%         3
 Leda's Liquefaction      Hex/Erth       4%         N/A       61%         4
 Shadow Creatures         Summ           N/A        N/A       100%        6


Dungeon Overview and Level Annotations

Branches:
Dungeon (2/15)

Altars:
Hepliaklqana
Ru


Innate Abilities, Weirdness & Mutations

Your natural rate of healing is accelerated.
Your life essence is reduced to manifest your ancestor. (-10% HP)
You have razor-sharp teeth.
You have supernaturally acute eyesight. (SInv)
You are afflicted with vampirism.


Message History

Found a scroll labelled REDAUH JINK.
An adder comes into view.
n - a scroll labelled INEMU MUROABRAAPO You swap places.
The adder hisses angrily.
The adder misses you. The adder barely misses you.
Casting: Corona (safe; 3% risk of failure)
Confirm with . or Enter, or press ? or * to list all spells.
Aiming: Corona (safe; 3% risk of failure)
Press: ? - help, Shift-Dir - straight line, f - adder
Aim: an adder (chance to affect: 62%)
The adder is outlined in light.
The adder bites you but does no damage.
Unknown command.
You barely miss the adder. The adder bites you.
You are poisoned.
The adder poisons you!
You completely miss the adder.
You feel sick. The adder closely misses you.
You barely miss the adder. Your bite misses the adder.
You feel sick. The adder bites you but does no damage. The adder bites you.
You are more poisoned.
The adder poisons you!
You hit the adder.
The adder is moderately wounded.
You feel sick. The adder closely misses you.
You closely miss the adder.
The adder is moderately wounded.
You feel sick. The adder barely misses you.
You hit the adder.
The adder is heavily wounded.
* * * LOW HITPOINT WARNING * * *
You feel sick. The adder bites you.
* * * LOW HITPOINT WARNING * * *
You hit the adder.
The adder is severely wounded.
* * * LOW HITPOINT WARNING * * *
You feel sick.
The adder stops glowing.
The adder bites you but does no damage. The adder closely misses you.
You hit the adder but do no damage.
The adder is severely wounded.
You die...

#.#### ..# #.#.#
#....+....# #.#..
#....#....# #...#
#.##.#....# #....
####.##.#..####
######...
...............
.........
####.##.#.####.
..###....
#.####.##.#.##
###....
.........R@..#
#......
#.####.##.#S.#
#.#.###
............
#.#....
###.##.?..##.# #
#.##. ... #....# .#
#.#.##. #.#.
....... ... #.#.##.
# #.
##..........#......
..
..........###.###
........R..


You could see the friendly Necuametl the ancestor and an adder (ally target).

Vanquished Creatures
  2 bats (D:2)
  An endoplasm (D:1)
  A giant cockroach (D:2)
  3 hobgoblins
  A jackal (D:2)
  2 quokkas (D:1)
  A frilled lizard (D:1)
  2 rats (D:1)
13 creatures vanquished.

Vanquished Creatures (collateral kills)
  A hobgoblin (D:2)
  3 jackals (D:2)
4 creatures vanquished.

Grand Total: 17 creatures vanquished

Notes
Turn   | Place    | Note
-------+----------+-------------------------------------------
     0 | D:1      | Malachi the Vampire Enchanter began the quest for the Orb.
     0 | D:1      | Reached XP level 1. HP: 13/13 MP: 3/3
   307 | D:1      | Reached skill level 5 in Stealth
   413 | D:1      | Found a faded altar of an unknown god.
   452 | D:1      | Became a worshipper of Hepliaklqana the Forgotten
   452 | D:1      | Reached * piety under Hepliaklqana
   641 | D:2      | Reached XP level 2. HP: 14/17 MP: 5/5
   744 | D:2      | Reached skill level 6 in Stealth
   800 | D:2      | Found a sacrificial altar of Ru.
   941 | D:2      | Succumbed to an adder's poison

Illustrated notes

Levels and vault maps discovered:
D:1:      dpeg_arrival_tiny_b, layout_basic, basic_ecumenical_altar
D:2:      layout_basic, basic_altar

Skill      XL: |  1  2 |
---------------+-------+-----
Stealth        | 5 6 |  6.1
Short Blades   | |  1.1
Dodging        | |  2.1
Spellcasting   | |  2.0
Hexes          | |  4.4

Action                   || total
-------------------------++-------
Melee: Dagger            ||    64
       Bite              ||     4
 Cast: Corona            ||     7
 Stab: Sleeping          ||     5
Armor: Robe              ||    17
Dodge: Dodged            ||    49
